AoeStats
← LM | CoMa

Black Forest

506239696Analyzed
1v1 RM · 20d ago on Sep 12, 2026· 34m 29s· 2 players
Game mode
Random Map
Map size
Tiny (2 player)
Population
200
Speed
Normal
Resources
Standard
Victory
Conquest
Starting age
Dark Age
Ending age
Imperial Age
RankedLock teamsTeams togetherTeam positionsShared explorationLock speedFull tech treeHidden civsTurbo modeCheats
Victory
Defeat
🇩🇪 Britons · Germany
1555
+16
🇲🇽 Persians · Mexico
1564
-16
LM | CoMa
0:57 Loom
13:30 Feudal Age
17:02 Castle Age
15:43 Double-Bit Axe
16:08 Fishing Lines
16:59 Fishing Lines
24:08 Gillnets
24:14 Gillnets
25:52 Wheelbarrow
25:48 Gold Mining
25:48 Stone Mining
27:08 Fletching
27:23 Town Watch
31:19 Imperial Age
29:30 Bow Saw
30:19 Bodkin Arrow
30:25 Padded Archer Armor
30:15 Horse Collar
31:12 Gold Shaft Mining
31:15 Bow Saw
33:09 Chemistry
32:34 Ballistics
32:21 Bracer
33:56 Conscription
34:59 Chemistry
SimmaHem7912
0:32 Loom
15:01 Feudal Age
19:30 Castle Age
19:04 Double-Bit Axe
21:41 Wheelbarrow
22:54 Bow Saw
24:58 Fishing Lines
30:53 Imperial Age
28:58 Horse Collar
29:48 Gillnets
31:34 Conscription
31:25 Heavy Plow
32:49 Chemistry
32:00 Fletching
34:25 Scale Barding Armor
Connection lost

Rejoining the realm…

Still unreachable

The connection could not be restored.

Session expired

The server has moved on; the page needs a fresh start.